 Dungeon Crawl Stone Soup version 0.19.0-11-g3fc08b3 (webtiles) character file.

2454 dorian the Envoy of Void (level 9, 0/64 HPs)
             Began as a Formicid Abyssal Knight on Nov 9, 2016.
             Was a High Priest of Lugonu.
             Killed from afar by an electric eel (12 damage)
             ... with a bolt of electricity
             ... on level 7 of the Dungeon.
             The game lasted 00:17:08 (8274 turns).

dorian the Envoy of Void (Formicid Abyssal Knight)  Turns: 8274, Time: 00:17:09

Health: 0/64       AC: 12    Str: 21    XL:     9   Next: 79%
Magic:  16/16      EV:  8    Int: 11    God:    Lugonu [*****.]
Gold:   342        SH:  4    Dex: 10    Spells: 0 memorised, 8 levels left

rFire  . . .     SeeInvis +     o - +5 flail (drain)
rCold  . . .     Gourm    .     F - +0 chain mail
rNeg   . . .     Faith    .     s - +0 buckler
rPois  .         Spirit   .     (helmet unavailable)
rElec  .         Reflect  .     m - +0 cloak
rCorr  .         Harm     .     G - +1 pair of gloves
MR     .....                    (no boots)
Stlth  ..........               h - amulet of magic regeneration
                                (no ring)
                                (no ring)

@: no status effects
A: permanent stasis, dig shafts and tunnels, four strong arms, antennae 3
a: Dig, Shaft Self, Depart the Abyss, Bend Space, Banish, Corrupt, Enter the
Abyss, Renounce Religion


You were on level 7 of the Dungeon.
You worshipped Lugonu.
Lugonu was extremely pleased with you.
You were very hungry.

You visited 2 branches of the dungeon, and saw 8 of its levels.
You visited the Abyss 1 time.

You collected 342 gold pieces.

Inventory:

Hand Weapons
 a - a +1 hand axe
 o - a +5 flail of draining (weapon)
 p - a +2 spear of piercing
 B - a +3 quarterstaff of chaos
 N - a +0 falchion of electrocution
Missiles
 D - 6 javelins
 I - 3 tomahawks of returning (quivered)
Armour
 m - a +0 cloak (worn)
 s - a +0 buckler (worn)
 F - a +0 chain mail (worn)
 G - a +1 pair of gloves (worn)
Jewellery
 h - an amulet of magic regeneration (around neck)
Wands
 O - a wand of digging (10/24)
Scrolls
 d - 2 scrolls of remove curse {unknown}
 n - 2 scrolls of enchant armour {unknown}
 r - 2 scrolls of teleportation {unknown}
 t - 3 scrolls of amnesia {unknown}
 v - 3 scrolls of fog {unknown}
 w - 7 scrolls of identify {unknown}
 x - a scroll of random uselessness {unknown}
 y - a scroll of magic mapping {unknown}
 A - a scroll of enchant weapon {unknown}
 C - a scroll of recharging {unknown}
 J - a scroll of blinking {unknown}
 L - 2 scrolls of immolation {unknown}
Potions
 b - a potion of degeneration {unknown}
 e - 4 potions of heal wounds {unknown}
 g - 2 potions of flight {unknown}
 i - 4 potions of curing {unknown}
 q - 2 potions of lignification {unknown}
 u - a potion of beneficial mutation {unknown}
 z - 2 potions of mutation {unknown}
 E - a potion of haste {unknown}
 M - a potion of cancellation {unknown}
Books
 k - a book of Necromancy

   Spells                             Type                      Level
   a - Pain                           Necromancy                   1
   b - Animate Skeleton               Necromancy                   1
   c - Vampiric Draining              Necromancy                   3
   d - Regeneration                   Charms/Necromancy            3
   e - Animate Dead                   Necromancy                   4
   f - Control Undead                 Necromancy                   4
Comestibles
 c - 8 bread rations
 f - a meat ration
 j - 2 beef jerkies
 l - 7 fruits
 H - a royal jelly
 K - a slice of pizza


   Skills:
 - Level 3.2 Fighting
 + Level 8.9 Axes
 + Level 3.7 Armour
 - Level 0.8 Dodging
 + Level 3.2 Shields
 - Level 9.8 Invocations


You had 8 spell levels left.
You didn't know any spells.

Dungeon Overview and Level Annotations

Branches:
Dungeon (7/15)             Temple (1/1) D:4

Altars:
Kikubaaqudgha
Makhleb
Okawaru
Sif Muna
Vehumet
Xom
Zin

Shops:
D:7 *


Innate Abilities, Weirdness & Mutations

You are under a permanent stasis effect.
You can dig through walls and to a lower floor.
Your four strong arms can wield two-handed weapons with a shield.
You have a pair of large antennae on your head. (SInv)


Message History

The bolt of electricity hits you!
You barely miss the electric eel.
The electric eel shoots out a bolt of lightning at you!
The bolt of electricity hits you! x2
The bolt of electricity hits the electric eel.
The electric eel completely resists.
Your chain mail prevents you from hitting the electric eel.
You closely miss the electric eel.
The electric eel shoots out a bolt of lightning at you!
The bolt of electricity hits you! x2
* * * LOW HITPOINT WARNING * * *
The bolt of electricity hits the electric eel.
The electric eel completely resists.
You are too injured to fight recklessly!
You miss the electric eel.
The electric eel shoots out a bolt of lightning at you!
The bolt of electricity hits you!
* * * LOW HITPOINT WARNING * * *
The bolt of electricity hits you!
You die...

#.............## ..
##.............### ...
##..............)### ##....
##.............##)..###....(
###..##..........####.....#
#...####.........## ##.(###
..### ##.#....[...## #.##
.## ##.########...###(# ##
#..# ...≈≈#@'###))#
#.#'..P..≈;#.# #.##
#≈#....P$?≈#.###.#
##≈#...PP$≈≈#.##.##
#≈≈##..P≈(≈##≈##.#
##.##########≈##..# #..#
.≈?.≈##≈###<## #.#+
..≈${≈#.###.# #≈#
....{;#.#..##


You could see an electric eel.

Vanquished Creatures
  A wyvern (D:7)
  A black bear (D:6)
  An ice beast (D:5)
  A phantom (D:4)
  2 centaurs (D:7)
  3 bullfrogs
  Blork the orc (D:6)
  A scorpion (D:6)
  2 killer bees
  2 howler monkeys
  2 crimson imps
  3 orc priests
  6 hounds
  9 orc wizards
  Crazy Yiuf (D:3)
  A bullfrog skeleton (D:4)
  4 iguanas
  9 worker ants
  2 hound zombies
  A hound skeleton (D:6)
  8 gnolls
  A howler monkey skeleton (D:4)
  6 adders
  A shadow imp (D:5)
  An adder skeleton (D:5)
  6 worms
  5 dart slugs
  5 leopard geckos
  44 orcs
  A ball python (D:3)
  12 bats
  2 giant cockroaches
  16 goblins
  8 hobgoblins
  3 jackals (D:5)
  11 kobolds
  2 quokkas
  4 frilled lizards
  A giant cockroach zombie (D:5)
  A quokka skeleton (D:6)
  7 rats
198 creatures vanquished.

Vanquished Creatures (others)
  A killer bee (D:5)
  2 electric eels (D:7)
3 creatures vanquished.

Grand Total: 201 creatures vanquished

Notes
Turn   | Place    | Note
-------+----------+-------------------------------------------
     0 | Abyss:1  | dorian the Formicid Abyssal Knight began the quest for the Orb.
     0 | Abyss:1  | Reached XP level 1. HP: 18/18 MP: 2/2
    39 | D:1      | Escaped the Abyss
   125 | D:1      | Reached XP level 2. HP: 14/24 MP: 3/3
   321 | D:1      | Reached XP level 3. HP: 25/29 MP: 4/4
   348 | D:1      | Reached ** piety under Lugonu
   593 | D:1      | You fall through a shaft!
   713 | D:2      | Reached skill level 3 in Invocations
   828 | D:2      | Reached XP level 4. HP: 34/35 MP: 6/6
  1180 | D:2      | Found an iron altar of Okawaru.
  1250 | D:2      | Found a burning altar of Makhleb.
  1250 | D:2      | Found an ancient bone altar of Kikubaaqudgha.
  1759 | D:2      | Reached *** piety under Lugonu
  1759 | D:2      | Reached skill level 4 in Invocations
  1759 | D:2      | Reached XP level 5. HP: 38/41 MP: 6/8
  2318 | D:3      | Found a runed door.
  2448 | D:3      | Found a glowing silver altar of Zin.
  2509 | D:3      | Found a radiant altar of Vehumet.
  2782 | D:3      | Noticed Crazy Yiuf
  2792 | D:3      | Killed Crazy Yiuf
  3073 | D:4      | Reached XP level 6. HP: 47/47 MP: 9/9
  3086 | D:4      | Reached skill level 5 in Invocations
  3369 | D:4      | Reached skill level 5 in Axes
  3412 | D:4      | Reached XP level 7. HP: 49/52 MP: 11/11
  3418 | D:4      | Reached skill level 6 in Invocations
  3490 | D:4      | Found a staircase to the Ecumenical Temple.
  3500 | D:4      | Reached **** piety under Lugonu
  3522 | Temple   | Entered the Ecumenical Temple
  3660 | D:4      | Reached skill level 7 in Invocations
  3660 | D:4      | Reached XP level 8. HP: 20/58 MP: 13/13
  3925 | D:4      | Found a shimmering altar of Xom.
  4384 | D:5      | Entered Level 5 of the Dungeon
  4695 | D:4      | Reached skill level 8 in Invocations
  6297 | D:6      | Reached skill level 9 in Invocations
  6297 | D:6      | Reached XP level 9. HP: 58/64 MP: 15/15
  6702 | D:6      | Reached ***** piety under Lugonu
  7011 | D:6      | Noticed Blork the orc
  7020 | D:6      | Killed Blork the orc
  7465 | D:7      | Reached skill level 1 in Shields
  7467 | D:7      | Found Wulomo's General Store.
  8274 | D:7      | Killed from afar by an electric eel

Skill      XL: |  1  2  3  4  5  6  7  8  9 |
---------------+----------------------------+-----
Axes           | 3 4 5 6 7 8 |  8.9
Invocations    | 3 4 5 7 9 |  9.8
Shields        | 3 |  3.2
Armour         | 3 |  3.7
Fighting       | |  3.2
Dodging        | |  0.8

Action                   |  1- 3 |  4- 6 |  7- 9 || total
-------------------------+-------+-------+-------++-------
Melee: Hand axe          |    80 |       |       ||    80
       Spear             |     9 |   132 |       ||   141
       Quarterstaff      |       |    46 |   127 ||   173
       Falchion          |       |       |   103 ||   103
       Flail             |       |       |   154 ||   154
Invok: Banish            |       |       |     3 ||     3
 Abil: Dig               |       |       |     2 ||     2
 Stab: Petrified         |       |       |     1 ||     1
  Eat: Chunk             |       |     8 |    16 ||    24
Armor: Leather armour    |    24 |       |       ||    24
       Ring mail         |     8 |    29 |       ||    37
       Scale mail        |       |     7 |       ||     7
       Chain mail        |       |     3 |   250 ||   253
Dodge: Dodged            |    76 |    75 |   142 ||   293
Block: Buckler           |       |    12 |    51 ||    63
       Rpst.: Falchion   |       |       |    14 ||    14
